 Dungeon Crawl Stone Soup version 0.28.0-53-g5a82cb258f (webtiles) character file.

Game seed: 1594833641253366241

16646 pkoi the Conjurer (level 11, -4/91 HPs)
             Began as a Demigod Conjurer on May 27, 2022.
             Slain by a seven-headed hydra (12 damage)
             ... on level 2 of the Lair of Beasts.
             The game lasted 00:28:07 (19995 turns).

pkoi the Conjurer (Demigod Conjurer)               Turns: 19995, Time: 00:28:08

Health: -4/91      AC:  8    Str: 14    XL:     11   Next: 82%
Magic:  20/24      EV: 13    Int: 37    God:
Gold:   919        SH:  0    Dex: 10    Spells: 6/22 levels left

rFire   . . .      SeeInvis .   l - +11 dagger "Adauto" {freeze, Int+5 Dex-2}
rCold   . . .      Faith    .   (no shield)
rNeg    . . .      Spirit   .   a - +0 robe
rPois   .          Reflect  .   y - +1 helmet
rElec   .          Harm     .   (no cloak)
rCorr   +          Rampage  .   A - +2 pair of gloves
Will    +....                   b - +0 pair of boots
Stlth   +++.......              z - amulet of the acrobat
HPRegen 0.25/turn               u - +6 ring of strength
MPRegen 0.19/turn               j - ring of resist corrosion

@: no status effects
A: high MP 1, forlorn, divine attributes
a: no special abilities


You were on level 2 of the Lair of Beasts.
You visited 2 branches of the dungeon, and saw 13 of its levels.
You also visited: Ossuary.

You collected 919 gold pieces.

Inventory:

Hand Weapons
 c - a +0 spear
 d - a +2 vampiric demon trident
 l - the +11 dagger "Adauto" (weapon) {freeze, Int+5 Dex-2}
   (You found it on level 2 of the Dungeon)

   It freezes those it strikes, dealing additional cold damage.
   It can also slow down cold-blooded creatures.
   Int:       It affects your intelligence (+5).
   Dex:       It affects your dexterity (-2).
Missiles
 f - 6 javelins
 D - 3 curare-tipped darts
Armour
 a - a +0 robe (worn)
 b - a +0 pair of boots (worn)
 y - a +1 helmet (worn)
 A - a +2 pair of gloves (worn)
Jewellery
 j - a ring of resist corrosion (right hand)
 u - a +6 ring of strength (left hand)
 z - an amulet of the acrobat (around neck)
Wands
 t - a wand of iceblast (5)
 B - a wand of mindburst (15)
 E - a wand of flame (2)
 F - a wand of acid (5)
 G - a wand of charming (4)
Scrolls
 e - a scroll of fog
 k - a scroll of teleportation
 n - a scroll of amnesia
 p - 8 scrolls of identify
 q - 3 scrolls of holy word
 r - a scroll of magic mapping
 v - 2 scrolls of silence
 w - 2 scrolls of fear
 C - a scroll of enchant armour
 H - a scroll of torment {unknown}
Potions
 g - 6 potions of curing
 h - a potion of resistance
 i - 2 potions of heal wounds
 m - 5 potions of lignification
 o - 3 potions of brilliance
 s - a potion of berserk rage
 x - 2 potions of flight
 I - a potion of magic {unknown}


   Skills:
 + Level 6.5 Fighting
 + Level 6.4 Short Blades
 + Level 4.4 Dodging
 + Level 6.7 Stealth
 - Level 6.0 Spellcasting
 - Level 7.0 Conjurations
 - Level 6.6 Hexes
 - Level 6.0 Translocations
 - Level 6.0 Ice Magic
 + Level 1.8 Evocations


You had 6 spell levels left.
You knew the following spells:

 Your Spells              Type           Power      Damage    Failure   Level
a - Magic Dart            Conj           100%       1d8       1%          1
b - Searing Ray           Conj           100%       2d8       1%          2
c - Dazzling Flash        Conj/Hex       100%       N/A       1%          3
d - Iskenderun's Mystic   Conj/Tloc      56%        2d12      2%          4
e - Fulminant Prism       Conj/Hex       28%        3d14      1%          4
f - Ensorcelled Hibernat  Hex/Ice        100%       N/A       1%          2

Your spell library contained the following spells:

 Spells                   Type           Power      Damage    Failure   Level
 Anguish                  Hex/Necr       17%        N/A       9%          4
 Spider Form              Tmut/Pois      11%        N/A       10%         3


Dungeon Overview and Level Annotations

Branches:
Dungeon (11/15)            Temple (0/1) D:7            Lair (2/6) D:11
    Orc (0/2) D:10        Ossuary (visited)
  Swamp: Lair:2-4    Shoals: Lair:2-4     Snake: Lair:2-4    Spider: Lair:2-4

Shops:
D:9 =

Annotations:
D:4 1 runed translucent door, Crazy Yiuf
D:6 1 runed translucent door, Holdthepickle's ghost, novice OgHu
D:7 Harold


Innate Abilities, Weirdness & Mutations

You have an increased reservoir of magic. (+10% MP)
You shall have no god before yourself.
Your divine heritage dramatically boosts your attributes as you level up.


Message History

You climb downwards.
The wolf bites you.
The seven-headed hydra bites you but does no damage.
The seven-headed hydra bites you!
The seven-headed hydra closely misses you.
The seven-headed hydra barely misses you.
The seven-headed hydra bites you.
* * * LOW HITPOINT WARNING * * *
The seven-headed hydra bites you!
* * * LOW HITPOINT WARNING * * *
The seven-headed hydra bites you!
* * * LOW HITPOINT WARNING * * *
The wolf bites you but does no damage. The seven-headed hydra bites you!
* * * LOW HITPOINT WARNING * * *
The seven-headed hydra bites you!
* * * LOW HITPOINT WARNING * * *
The seven-headed hydra bites you.
* * * LOW HITPOINT WARNING * * *
The seven-headed hydra bites you.
* * * LOW HITPOINT WARNING * * *
The seven-headed hydra bites you!
* * * LOW HITPOINT WARNING * * *
The seven-headed hydra misses you.
The seven-headed hydra closely misses you.
The wolf bites you but does no damage.
There is a stone staircase leading up, spattered with blood here.
Casting: Iskenderun's Mystic Blast (dangerous; 2% risk of failure)
Confirm with . or Enter, or press ? or * to list all spells.
You erupt in a blast of force!
The mystic blast hits the wolf!!
The wolf is severely wounded.
The wolf is knocked back by the mystic blast.
The mystic blast hits the seven-headed hydra!
The seven-headed hydra is lightly wounded.
The seven-headed hydra bites you.
* * * LOW HITPOINT WARNING * * *
The seven-headed hydra bites you but does no damage.
The seven-headed hydra misses you. The seven-headed hydra bites you.
* * * LOW HITPOINT WARNING * * *
The seven-headed hydra barely misses you.
The seven-headed hydra bites you!
You die...

###............
#..>............
#..........^....
................
#......h......P.
................
.......÷D....#
.......@.....#
...........###
......÷..#######
..........###..#
.............D##
......#######.##
....## #h.##
.... ##..# ...
#..##


You could see a seven-headed hydra and a wolf.

Vanquished Creatures
  3 hydras
  A centaur warrior (D:9)
  2 two-headed ogres
  Nergalle (D:10)
  A manticore (D:8)
  2 cyclopes (D:11)
  Joseph (D:10)
  2 cane toads (Lair:1)
  A kobold demonologist (D:11)
  2 komodo dragons (Lair:1)
  A troll (D:10)
  2 hornets (D:10)
  2 shadows
  A vampire (D:9)
  2 wraiths
  2 wyverns
  10 yaks
  13 vampire mosquitoes
  Menkaure (D:7)
  2 wargs (D:11)
  2 acid dragons
  2 water moccasins (Lair:1)
  3 orc warriors (D:10)
  2 black bears (D:5)
  2 necrophages
  14 wolves
  2 ogres
  5 centaurs
  3 kobold brigands
  3 bullfrogs
  A gnoll sergeant (D:10)
  A water moccasin zombie (D:5)
  2 scorpions
  4 howler monkeys
  An electric eel (D:7)
  3 bullfrog zombies
  3 centaur zombies
  A human zombie (Ossuary)
  A hound (D:2)
  A gnoll shaman (D:4)
  2 orc priests
  A jelly (D:7)
  2 iguanas
  13 orc wizards
  Natasha (D:4)
  A hound zombie (Ossuary)
  4 mummies (Ossuary)
  11 gnolls
  10 adders
  A shadow imp (D:5)
  An ufetubus (D:6)
  An adder zombie (Ossuary)
  5 worms
  3 dart slugs (D:1)
  37 orcs
  11 endoplasms
  4 giant cockroaches
  5 goblins
  9 hobgoblins
  3 jackals (D:3)
  4 quokkas
  3 ball pythons
  7 bats
  14 frilled lizards
  2 gnoll zombies (Ossuary)
  A goblin zombie (Ossuary)
  A hobgoblin zombie (Ossuary)
  2 jackal zombies (Ossuary)
  16 kobolds
  A kobold zombie (Ossuary)
  An orc zombie (Ossuary)
  5 rats
  A rat zombie (Ossuary)
  A fulminant prism (Lair:2)
292 creatures vanquished.

Vanquished Creatures (others)
  61 fulminant prisms
  12 fungi
  10 plants
83 creatures vanquished.

Grand Total: 375 creatures vanquished

Notes
Turn   | Place    | Note
-------+----------+-------------------------------------------
     0 | D:1      | pkoi the Demigod Conjurer began the quest for the Orb.
     0 | D:1      | Reached XP level 1. HP: 14/14 MP: 5/5
   161 | D:1      | Reached skill level 4 in Conjurations
   447 | D:1      | Reached XP level 2. HP: 20/20 MP: 7/7
   677 | D:1      | Learned a level 2 spell: Searing Ray
  1278 | D:1      | Reached XP level 3. HP: 26/26 MP: 6/8
  1870 | D:2      | Reached skill level 5 in Conjurations
  1872 | D:2      | Reached XP level 4. HP: 24/33 MP: 0/9
  2305 | D:2      | Identified the +11 dagger "Adauto" {freeze, Int+5 Dex-2}
  3004 | D:2      | Reached XP level 5. HP: 38/38 MP: 6/10
  3066 | D:2      | Reached skill level 1 in Short Blades
  3194 | D:3      | Learned a level 3 spell: Dazzling Flash
  3405 | D:3      | Reached skill level 6 in Conjurations
  3637 | D:3      | You fall into a shaft and drop 3 floors!
  3646 | D:6      | Found a sand-covered staircase.
  3654 | Ossuary  | Entered an ossuary
  3677 | Ossuary  | Reached skill level 1 in Hexes
  3714 | Ossuary  | Reached XP level 6. HP: 28/45 MP: 1/12
  4456 | D:5      | Entered Level 5 of the Dungeon
  4653 | D:6      | Found a runed translucent door.
  4667 | D:6      | Noticed Holdthepickle's ghost (novice OgHu)
  4808 | D:5      | Learned a level 4 spell: Iskenderun's Mystic Blast
  5473 | D:4      | Reached XP level 7. HP: 46/50 MP: 8/14
  5610 | D:4      | Found a runed translucent door.
  5611 | D:4      | Noticed Crazy Yiuf
  5760 | D:4      | Reached skill level 1 in Fighting
  5760 | D:4      | Reached skill level 1 in Translocations
  6639 | D:4      | Noticed Natasha
  6641 | D:4      | Killed Natasha
  8043 | D:5      | Reached XP level 8. HP: 61/61 MP: 9/16
  8050 | D:5      | Identified the +9 dagger of Honour {freeze, Fragile rCorr
                  | Str+2}
  8199 | D:5      | Learned a level 4 spell: Fulminant Prism
  9510 | D:7      | Found a staircase to the Ecumenical Temple.
  9663 | D:7      | Noticed Harold
  9683 | D:7      | Noticed Menkaure
 10170 | D:7      | Killed Menkaure
 10699 | D:8      | Noticed a manticore
 11028 | D:8      | Reached XP level 9. HP: 71/71 MP: 10/19
 11082 | D:8      | Killed a manticore
 11661 | D:8      | Learned a level 2 spell: Ensorcelled Hibernation
 11715 | D:9      | Reached skill level 5 in Spellcasting
 12018 | D:9      | Reached skill level 5 in Hexes
 12018 | D:9      | Reached skill level 1 in Ice Magic
 12094 | D:9      | Found Oraimn's Jewellery Emporium.
 12650 | D:9      | Noticed a centaur warrior
 12695 | D:9      | HP: 3/71 [centaur warrior (6)]
 12699 | D:9      | Killed a centaur warrior
 12700 | D:9      | Reached skill level 5 in Translocations
 12940 | D:9      | Noticed a two-headed ogre
 12951 | D:9      | Killed a two-headed ogre
 13233 | D:9      | Reached XP level 10. HP: 66/78 MP: 14/22
 13493 | D:10     | Entered Level 10 of the Dungeon
 13637 | D:10     | Noticed Joseph
 13654 | D:10     | Killed Joseph
 13948 | D:10     | Paralysed by a hornet for 3 turns
 13949 | D:10     | Noticed Nergalle
 13958 | D:10     | Killed Nergalle
 13959 | D:10     | Reached skill level 5 in Ice Magic
 15037 | D:10     | Noticed a two-headed ogre
 15047 | D:10     | Killed a two-headed ogre
 15326 | D:10     | Found a staircase to the Orcish Mines.
 15535 | D:11     | Noticed a five-headed hydra
 15549 | D:11     | Killed a five-headed hydra
 15550 | D:11     | Reached skill level 5 in Fighting
 15550 | D:11     | Reached skill level 5 in Stealth
 15773 | D:11     | Noticed a smoke demon
 15776 | D:11     | Reached skill level 5 in Short Blades
 15899 | D:11     | Noticed a rust devil
 15968 | D:10     | Reached XP level 11. HP: 82/86 MP: 15/24
 17826 | D:11     | Found a staircase to the Lair.
 18102 | Lair:1   | Entered Level 1 of the Lair of Beasts
 18106 | Lair:1   | Reached skill level 7 in Conjurations
 18645 | Lair:1   | Noticed a four-headed hydra
 18645 | Lair:1   | Noticed a swamp dragon
 19421 | Lair:2   | Noticed an eight-headed hydra
 19428 | Lair:2   | Killed an eight-headed hydra
 19429 | Lair:2   | Reached skill level 1 in Evocations
 19585 | Lair:2   | Noticed a seven-headed hydra
 19793 | Lair:1   | Killed a four-headed hydra
 19995 | Lair:2   | Slain by a seven-headed hydra

Illustrated notes

Levels and vault maps discovered:
D:1:      dpeg_arrival_stonehenge_8_columns, layout_basic
D:2:      minmay_recursive_quarters, layout_basic,
          hellmonk_ecumenical_altar_lost_god, hangedman_decor_slide_cut
D:3:      layout_loops_ring
D:4:      layout_loops_cross, minmay_lizard_king, uniq_crazy_yiuf_cottage,
          uniq_natasha
D:5:      layout_loops_corners, saegor_snake_ambush
D:6:      layout_basic, nicolae_ossuary_entry_plus, ebering_ghost_sewer_d,
          nicolae_figureground_pulse
D:7:      layout_loops_ring, temple_pool_b, grunt_ministairs_11,
          nrook_pool_corridor, dk_noncrumbling_2, chequers_serial_rivers_marsh,
          chequers_serial_rivers_large_a, amcnicky_mini_pool_small,
          kb_lookout_dungeons_type, uniq_harold, uniq_menkaure
D:8:      layout_basic, amcnicky_altar_gilded
D:9:      layout_grid_maze, grunt_temple_overflow_gold_and_silver,
          gammafunk_temple_overflow_forgotten, serial_shops, shop,
          minmay_strange_pillars
D:10:     layout_gridville, hiddenorc1_lemuel, uniq_nergalle, uniq_joseph
D:11:     layout_cave_pools, erik_lair_orcish_takeover
Lair:1:   layout_cave_pods, pond
Lair:2:   layout_cave_shapes, nicolae_spider_entry_non_spiders,
          grunt_forest_large_clearings, uniq_sonja

Skill      XL: |  1  2  3  4  5  6  7  8  9 10 11 |
---------------+----------------------------------+-----
Conjurations   | 4 5 6 7 |  7.0
Stealth        | 2 3 4 5 6 |  6.7
Short Blades   | 1 2 3 4 5 6 |  6.4
Spellcasting   | 2 3 4 5 6 |  6.0
Hexes          | 1 2 3 4 6 |  6.6
Fighting       | 1 3 4 5 6 |  6.5
Translocations | 2 3 5 6 |  6.0
Ice Magic      | 3 5 6 |  6.0
Dodging        | 2 4 |  4.4
Evocations     | 1 |  1.8

Action                   |  1- 3 |  4- 6 |  7- 9 | 10-12 || total
-------------------------+-------+-------+-------+-------++-------
Melee: Demon trident     |    23 |       |       |       ||    23
       Punch             |     1 |       |     1 |       ||     2
       Dagger            |       |    30 |    46 |    66 ||   142
 Cast: Magic Dart        |    61 |   135 |   123 |    53 ||   372
       Searing Ray       |     2 |     6 |    18 |     2 ||    28
       Dazzling Flash    |       |     3 |     7 |       ||    10
       Fulminant Prism   |       |       |    20 |    42 ||    62
       Iskenderun's Myst |       |       |     6 |    54 ||    60
       Ensorcelled Hiber |       |       |     6 |    40 ||    46
  Use: Scroll            |       |    14 |     7 |     1 ||    22
       Potion            |       |       |     1 |       ||     1
 Stab: Sleeping          |     1 |       |     4 |    23 ||    28
       Invisible         |       |     1 |     3 |       ||     4
Armor: Robe              |     1 |    25 |    30 |    35 ||    91
Dodge: Dodged            |    16 |    41 |   101 |   128 ||   286
